Map: Malwarfare

Players

raincamp

  • Race: Terran Terran
  • Spawn Location: 7:00

raincamp

  • Race: Terran Terran
  • Spawn Location: 7:00

VOD

Have the link to the VOD?

Description

Time

  • Played on: Jan. 7, 2018, 12:51 p.m.
  • Length: 25:43
Show
View Real Time Build Order
Export as new Build Order

raincamp Terran 

Build Orders:  

Get SALT Encoding   

  12  0:29  Supply Depot  
Show
View Real Time Build Order
Export as new Build Order

raincamp Terran 

Build Orders:  

Get SALT Encoding   

  12  0:03  SCV  
  13  0:20  SCV  
  13  0:27  Refinery  
  14  0:37  SCV  
  15  0:45  Refinery  
  15  0:53  SCV  
  16  1:10  SCV  
  16  1:18  Barracks  
  17  1:27  SCV  
  18  1:44  SCV  
  19  2:01  SCV  
  20  2:12  Command Center  
  20  2:18  SCV  
  21  2:29  Factory  
  21  2:35  SCV  
  21  2:38  Barracks Tech Lab  
  22  2:52  SCV  
  23  3:05  Suppression Shells  
  23  3:09  SCV  
  24  3:31  Starport  
  24  3:37  SCV  
  25  3:54  SCV  
  26  4:11  SCV  
  27  4:27  Hellbat Rangers  
  27  4:28  SCV  
  32  4:36  Refinery  
  32  4:43  Refinery  
  32  4:47  SCV  
  33  4:55  Starport Tech Lab  
  33  4:56  Factory Tech Lab  
  33  5:04  SCV  
  34  5:21  SCV x2  
  36  5:32  Raid Artillery  
  36  5:38  SCV x2  
  38  5:55  SCV x2  
  40  6:12  SCV x2  
  40  6:19  Raid Liberator  
  48  6:41  SCV x2  
  50  6:50  Armory, Engineering Bay  
  50  6:55  Strike Goliath  
  56  8:01  Hellbat Rangers  
  60  8:12  Terran Vehicle and Ship Weapons Level 1, Terran Infantry Weapons Level 1  
  60  8:21  Defensive Drone  
  60  8:45  Smart Servos  
  60  8:47  Lockdown Missiles  
  60  8:49  Suppression Shells  
  60  8:52  Ghost Visor  
  60  9:31  Ares-Class Targeting System  
  60  9:34  EMP Round  
  60  10:04  Triple Tap  
  60  10:10  Defensive Drone  
  60  10:33  Instant Regeneration  
  60  10:35  Tactical Airlift  
  53  11:10  Raid Liberator  
  59  11:29  Terran Vehicle and Ship Weapons Level 2, Terran Infantry Weapons Level 2  
  59  11:35  Defensive Drone  
  59  11:54  Strike Goliath  
  65  12:38  Defensive Drone  
  65  13:07  Hellbat Rangers  
  69  13:10  Spec Ops Ghost  
  73  13:30  Defensive Drone  
  73  13:40  Engineering Bay  
  73  13:56  Strike Goliath  
  79  14:21  Engineering Bay  
  79  14:44  Terran Infantry Weapons Level 3  
  79  14:45  Terran Vehicle and Ship Weapons Level 3  
  79  14:57  Griffin Airstrike  
  79  15:18  Elite Marine  
  83  15:48  Griffin Airstrike  
  82  16:18  Raid Liberator  
  88  16:33  Griffin Airstrike  
  88  16:47  Defensive Drone  
  88  17:10  Griffin Airstrike  
  88  17:28  Defensive Drone  
  88  17:41  Spec Ops Ghost  
  92  17:57  Instant Regeneration  
  92  18:15  Griffin Airstrike  
  92  18:57  Defensive Drone  
  92  19:10  Defensive Drone  
  92  20:01  Raid Liberator  
  96  20:29  Spec Ops Ghost  
  100  20:55  Griffin Airstrike  
  100  21:07  Defensive Drone  
  100  21:27  Griffin Airstrike  
  100  21:39  Defensive Drone  
  100  22:01  Griffin Airstrike  
  100  22:24  Tactical Airlift  
  100  22:51  Griffin Airstrike  
Tags
 
Commander
NovaRaynor
Matchup
Co-op
Replay Pack
Co-op Speedrun
Add a new tag
Caveats
  • Supply blocks, unpowered buildings, or Contaminate may cause inaccurate times.
  • Supply counts are checked every 10 seconds.